 Dungeon Crawl Stone Soup version 0.30-a0-782-ge64f9170bb (webtiles) character file.

Game seed: 7937810253096831149

86 Dartaoz the Cudgeller (level 4, -5/28 HPs)
             Began as a Gargoyle Fighter on Feb 18, 2023.
             Killed from afar by an orc wizard (10 damage)
             ... with a magic dart
             ... on level 3 of the Dungeon.
             The game lasted 00:03:07 (1591 turns).

Dartaoz the Cudgeller (Gargoyle Fighter)            Turns: 1591, Time: 00:03:08

Health: -5/28      AC: 11    Str: 22    XL:     4   Next: 49%
Magic:  4/4        EV:  9    Int:  8    God:
Gold:   15         SH:  4    Dex:  9    Spells: 3/3 levels left

rFire   . . .      SeeInvis .    a - +0 flail
rCold   . . .      Faith    .    c - +0 buckler
rNeg    + . .      Spirit   .    b - +0 scale mail
rPois   ∞          Reflect  .    (no helmet)
rElec   +          Harm     .    j - +0 cloak
rCorr   .          Rampage  .    (no gloves)
Will    .....                    (no boots) Stlth
                                 (no amulet)
HPRegen 0.24/turn                (no ring)
MPRegen 0.09/turn                (no ring)

@: no status effects
A: sickness immunity, AC +3, negative energy resistance 1, electricity
resistance, torment resistance 1, petrification resistance
a: no special abilities


You were on level 3 of the Dungeon.
You visited 1 branch of the dungeon, and saw 3 of its levels.

You collected 15 gold pieces.

Inventory:

Hand Weapons
 a - a +0 flail (weapon)
Armour
 b - a +0 scale mail (worn)
 c - a +0 buckler (worn)
 j - a +0 cloak (worn)
Scrolls
 e - a scroll of torment {unknown}
 g - a scroll of enchant armour {unknown}
 h - 2 scrolls of teleportation {unknown}
 i - 2 scrolls of identify {unknown}
 k - a scroll of noise {unknown}
 n - a scroll of immolation {unknown}
Potions
 d - a potion of might
 f - a potion of ambrosia {unknown}
 l - a potion of flight {unknown}
 m - a potion of cancellation {unknown}


   Skills:
 - Level 3.2 Fighting
 + Level 4.6 Maces & Flails
 - Level 3.2 Armour
 - Level 3.2 Shields


You had 3 spell levels left.
You didn't know any spells.
Your spell library was empty.

Dungeon Overview and Level Annotations

Branches:
Dungeon (3/15)

Altars:


Innate Abilities, Weirdness & Mutations

You are immune to sickness and miasma.
Your stone body is resilient. (AC +3)
You are immune to poison.
You resist negative energy. (rN+)
You are resistant to electric shocks. (rElec)
You are resistant to unholy torment.
You are immune to petrification.


Message History

n - a scroll labelled RIGHY PIGE Done exploring.
Done exploring.
There is a stone staircase leading down here.
You climb downwards.
You hear the sound of rushing water.
There is an entrance to a sewer on this level.
Hurry and find it before the portal rusts away!
You hear the rapid rusting of a very distant drain.
Found 17 gold pieces.
There is a stone staircase leading up here.
The orc priest calls down the wrath of Beogh upon you.
Beogh smites you!
You sock the orc priest!
The orc priest is severely wounded.
The orc priest hits you with a +0 flail.
The orc priest hits you but does no damage.
You are too injured to fight recklessly!
You are too injured to fight recklessly!
You are too injured to fight recklessly!
You are too injured to fight recklessly!
You are too injured to fight recklessly!
You are too injured to fight recklessly!
You hit the orc priest.
The orc priest is almost dead.
The orc priest mumbles some strange prayers to Beogh against you.
Beogh smites you!
* * * LOW HITPOINT WARNING * * *
You closely miss the orc priest.
The orc priest is almost dead.
The orc priest barely misses you.
You hit the orc priest.
You kill the orc priest!
You have reached level 4!
You feel stronger.
An orc wizard comes into view. It is wielding a +0 dagger.
Found a robe.
You hear the drain falling apart.
The orc wizard points at you and mumbles some strange words.
The magic dart hits you!
You die...

.## ### #########
... ... ..$......
#.##.#####........
+.................
#. #.#####<.......
#.##..............
#.@...o.o.........
#######..........#
#.###)....... #.#
#........
..###........
.....o........
...## #........
.... #........
..... ###.o......


You could see an orc wizard and an orc.

Vanquished Creatures
  An orc priest (D:3)
  2 adders (D:2)
  A dart slug (D:1)
  4 ball pythons (D:2)
  2 bats (D:2)
  An endoplasm (D:2)
  3 giant cockroaches
  3 goblins (D:1)
  7 jackals
  A quokka (D:3)
  4 frilled lizards (D:1)
  3 kobolds
  4 rats
36 creatures vanquished.

Notes
Turn   | Place    | Note
-------+----------+-------------------------------------------
     0 | D:1      | Dartaoz the Gargoyle Fighter began the quest for the Orb.
     0 | D:1      | Reached XP level 1. HP: 14/14 MP: 1/1
    91 | D:1      | Reached XP level 2. HP: 19/19 MP: 2/2
   383 | D:1      | Reached skill level 3 in Maces & Flails
   790 | D:2      | Reached XP level 3. HP: 23/23 MP: 3/3
   923 | D:2      | You fall into a shaft and drop 1 floor!
   959 | D:2      | Reached skill level 4 in Maces & Flails
  1579 | D:3      | HP: 1/23 [orc priest/divine providence (10)]
  1582 | D:3      | Reached XP level 4. HP: 2/28 MP: 4/4
  1591 | D:3      | Killed from afar by an orc wizard

Illustrated notes

Levels and vault maps discovered:
D:1:      giann_wishing_wells, layout_loops_ring, amcnicky_mini_corridor_feature
D:2:      layout_basic
D:3:      layout_basic, portal_sewer_entry_e, kennysheep_generic_room_13,
          uniq_jessica

Skill      XL: |  1  2  3 |
---------------+----------+-----
Maces & Flails | 3 4 |  4.6
Fighting       | |  3.2
Armour         | |  3.2
Shields        | |  3.2

Action                     |  1- 3 |  4- 6 || total
---------------------------+-------+-------++-------
  Melee: Flail             |   147 |       ||   147
 Armour: Scale mail        |    85 |       ||    85
  Dodge: Dodged            |    79 |       ||    79
  Block: Buckler           |    40 |       ||    40

Table legend: (Time is in decaauts)
 A = Elapsed time spent in this place.
 B = Non-inter-level travel time spent in this place.
 C = Inter-level travel time spent in this place.
 D = Time resting spent in this place.
 E = Time spent auto-exploring this place.
 F = Levels seen in this place.
 G = Mean time per level.
                   A        B        C        D        E       F      G
               +--------+--------+--------+--------+--------+-----+--------+
         Total |   1631 |   1543 |     88 |      0 |   1209 |   3 |  543.7 |
       Dungeon |   1631 |   1543 |     88 |      0 |   1209 |   3 |  543.7 |
               +--------+--------+--------+--------+--------+-----+--------+

Top non-repeatable levels by time:
     D:1: 793 daAuts
     D:2: 792 daAuts
     D:3: 45 daAuts
